 Dungeon Crawl Stone Soup version 0.22.1-2-g9c5b331 (webtiles) character file.

166 Yuikono the Gusty (level 5, 0/28 HPs)
             Began as a Tengu Air Elementalist on Dec 20, 2018.
             Slain by a leopard gecko (3 damage)
             ... on level 2 of the Dungeon.
             The game lasted 00:14:41 (3354 turns).

Yuikono the Gusty (Tengu Air Elementalist)          Turns: 3354, Time: 00:14:41

Health: 0/28       AC:  3    Str: 11    XL:     5   Next: 47%
Magic:  11/11      EV: 13    Int: 16    God:
Gold:   74         SH:  0    Dex: 15    Spells: 0/10 levels left

rFire    . . .     SeeInvis .   k - +2 dagger (protect)
rCold    . . .     Gourm    .   (no shield)
rNeg     . . .     Faith    .   a - +0 robe
rPois    .         Spirit   .   (helmet restricted)
rElec    .         Reflect  .   (no cloak)
rCorr    .         Harm     .   l - +0 pair of gloves
MR       .....                  (boots unavailable)
Stlth    ++........             (no amulet)
HPRegen  0.09/turn              j - +3 ring of strength
MPRegen  0.12/turn              (no ring)

@: no status effects
A: beak, talons 3, able to fly 1
a: Fly


You were on level 2 of the Dungeon.
You were not hungry.

You visited 1 branch of the dungeon, and saw 3 of its levels.

You collected 74 gold pieces.

Inventory:

Hand Weapons
 k - a +2 dagger of protection (weapon)
Missiles
 d - 56 stones (quivered)
 i - 33 arrows
 m - 2 curare-tipped needles
Armour
 a - a +0 robe (worn)
 l - a +0 pair of gloves (worn)
Jewellery
 j - a +3 ring of strength (left hand)
Scrolls
 b - 2 scrolls of amnesia {unknown}
 e - 2 scrolls of magic mapping {unknown}
 f - 4 scrolls of identify {unknown}
 g - 3 scrolls of remove curse {unknown}
Comestibles
 c - 6 rations


   Skills:
 - Level 2.1 Dodging
 - Level 2.0 Stealth
 + Level 3.3 Spellcasting
 + Level 4.0 Conjurations
 + Level 5.5 Air Magic


You couldn't memorise any spells.
You knew the following spells:

 Your Spells              Type           Power        Failure   Level  Hunger
a - Shock                 Conj/Air       ###.         2%          1    None
b - Swiftness             Chrm/Air       ##......     9%          2    ##.....
c - Static Discharge      Conj/Air       ###.....     8%          3    ###....
d - Airstrike             Air            ###.......   19%         4    ####...

Your spell library contained the following spells:

 Spells                   Type           Power        Failure   Level  Hunger
 Lightning Bolt           Conj/Air       ###.......   56%         5    ######.


Dungeon Overview and Level Annotations

Branches:
Dungeon (3/15)

Altars:
Cheibriados
Fedhas
Qazlal
Trog

Annotations:
D:3 Sigmund


Innate Abilities, Weirdness & Mutations

You have a beak for a mouth.
You have claws for feet.
You can fly.


Message History

Deactivating autopickup; reactivate with Ctrl-A.
The leopard gecko bites you.
You are confused.
The leopard gecko closely misses you.
You feel better. The leopard gecko bites you. Something barely misses you.
The leopard gecko bites you. Something barely misses you.
The leopard gecko barely misses you. Something hits you!
The leopard gecko barely misses you. Something hits you.
There is a stone staircase leading up here.
The leopard gecko closely misses you. Something hits you!
* * * LOW HITPOINT WARNING * * *
You climb upwards.
There is a stone staircase leading down here.
There is a stone staircase leading down here.
The leopard gecko barely misses you. The leopard gecko closely misses you.
The leopard gecko bites you but does no damage.
The leopard gecko bites you.
You die...

#.## #..###..........##.......
#..###.####..........#........
#####.......###.......#....รท.....
................................#
##..)........###..#......#.....##
####................#....#.##...
#####.............######....####.
................l.##........# #.
.####.........#.@...........####.
_..##.........##..............##.
.#.##......................>...<.
.......................#.........
..............#..................
..............#......#...........
..............##..#.....#........
...........#####..##....#........
...##.....######..##.)...........


You could see a leopard gecko.

Vanquished Creatures
  Jessica (D:2)
  Robin (D:1)
  5 adders
  3 worms (D:2)
  A leopard gecko (D:2)
  An orc (D:2)
  8 bats
  17 goblins
  11 hobgoblins
  7 jackals
  3 quokkas
  5 frilled lizards
  8 kobolds
  3 rats
74 creatures vanquished.

Notes
Turn   | Place    | Note
-------+----------+-------------------------------------------
     0 | D:1      | Yuikono the Tengu Air Elementalist began the quest for the
                  | Orb.
     0 | D:1      | Reached XP level 1. HP: 10/10 MP: 4/4
   192 | D:1      | Reached XP level 2. HP: 14/15 MP: 4/6
  1000 | D:1      | Reached XP level 3. HP: 19/19 MP: 5/7
  1500 | D:2      | Learned a level 2 spell: Swiftness
  1731 | D:2      | Noticed Robin
  2114 | D:2      | Reached XP level 4. HP: 17/24 MP: 3/9
  2299 | D:1      | Killed Robin
  2299 | D:1      | Reached skill level 5 in Air Magic
  2544 | D:2      | Found a blossoming altar of Fedhas.
  2558 | D:2      | Noticed Jessica
  2563 | D:2      | Killed Jessica
  2569 | D:2      | Gained mutation: You can fly. [Tengu growth]
  2569 | D:2      | Reached XP level 5. HP: 16/28 MP: 0/10
  2705 | D:2      | Learned a level 3 spell: Static Discharge
  2710 | D:2      | Learned a level 4 spell: Airstrike
  2888 | D:2      | Found a snail-covered altar of Cheibriados.
  2924 | D:2      | Found a stormy altar of Qazlal.
  3103 | D:3      | Noticed Grinder
  3104 | D:3      | Paralysed by Grinder for 7 turns
  3207 | D:3      | Found a bloodstained altar of Trog.
  3308 | D:3      | Noticed Sigmund
  3335 | D:3      | HP: 1/28 [something (13)]
  3354 | D:2      | Slain by a leopard gecko

Skill      XL: |  1  2  3  4  5 |
---------------+----------------+-----
Conjurations   | 2 3 4 |  4.0
Air Magic      | 5 |  5.5
Spellcasting   | 3 |  3.3
Dodging        | |  2.1
Stealth        | |  2.0

Action                   |  1- 3 |  4- 6 || total
-------------------------+-------+-------++-------
Melee: Unarmed           |    13 |       ||    13
       Kick              |    11 |    17 ||    28
       Peck              |     5 |     4 ||     9
       Dagger            |    57 |    54 ||   111
 Cast: Shock             |    41 |    53 ||    94
  Use: Potion            |     1 |     1 ||     2
 Stab: Sleeping          |     1 |       ||     1
       Distracted        |       |     1 ||     1
  Eat: Chunk             |     4 |     4 ||     8
Armor: Robe              |    24 |    25 ||    49
Dodge: Dodged            |    71 |    53 ||   124
